Map: Simulacrum LE

Players

SpaceMarine

  • Race: Protoss Protoss
  • Spawn Location: 11:00

Marsman - Winner!

  • Race: Protoss Protoss
  • Spawn Location: 5:00

Event: IEM Katowice 2020

VOD

Have the link to the VOD?

Description

Time

  • Played on: Feb. 25, 2020, 4:44 a.m.
  • Length: 4:10

All games in this series

Show
View Real Time Build Order
Export as new Build Order

SpaceMarine Protoss 

Build Orders:  

Get SALT Encoding   

  12  0:00  Probe  
  13  0:13  Probe (Chrono Boost)  
  14  0:24  Probe (Chrono Boost)  
  15  0:40  Pylon  
  15  0:58  Probe, Forge  
  15  0:59  Gateway  
  16  1:11  Probe  
  17  1:26  Pylon  
  17  1:39  Probe  
  17  1:45  Zealot (Chrono Boost)  
  17  1:46  Pylon  
  17  1:51  Probe, Assimilator  
  17  1:53  Assimilator  
  20  2:04  Photon Cannon  
  20  2:05  Photon Cannon  
  20  2:10  Probe  
  21  2:19  Photon Cannon  
  21  2:22  Probe  
  22  2:29  Cybernetics Core  
  22  2:34  Probe  
  23  2:46  Probe  
  24  3:05  Probe  
  25  3:06  Robotics Facility  
  25  3:09  Pylon  
  25  3:16  Shield Battery  
  25  3:17  Probe, Shield Battery  
  26  3:21  Pylon  
  27  4:04  Gateway x2  
Show
View Real Time Build Order
Export as new Build Order

Marsman Protoss - Winner!

Build Orders:  

Get SALT Encoding   

  12  0:00  Probe  
  13  0:13  Probe  
  14  0:17  Pylon  
  14  0:25  Probe  
  15  0:35  Gateway  
  15  0:38  Probe (Chrono Boost)  
  16  0:44  Assimilator  
  17  0:50  Probe (Chrono Boost)  
  17  0:52  Assimilator  
  17  0:55  Probe (Chrono Boost)  
  18  1:04  Probe (Chrono Boost)  
  18  1:10  Gateway  
  19  1:16  Probe (Chrono Boost)  
  20  1:21  Probe (Chrono Boost)  
  21  1:27  Cybernetics Core  
  21  1:45  Pylon  
  21  2:02  Stalker (Chrono Boost)  
  21  2:04  Shield Battery  
  25  2:08  Shield Battery  
  25  2:10  Stalker (Chrono Boost)  
  25  2:23  Gateway  
  25  2:28  Stalker  
  27  2:44  Robotics Facility  
  27  2:50  Probe  
  28  2:58  Stalker  
  30  3:05  Probe  
  31  3:20  Gateway, Pylon  
  31  3:36  Immortal (Chrono Boost)  

Tags
 
Add a new tag
Caveats
  • Supply blocks, unpowered buildings, or Contaminate may cause inaccurate times.
  • Supply counts are checked every 10 seconds.